 Dungeon Crawl Stone Soup version 0.28.0-45-g0d030f2227 (webtiles) character file.

Game seed: 13407656351352255323

1111 powzer the Grappler (level 8, 0/74 HPs)
             Began as a Troll Monk on Apr 18, 2022.
             Was a Priest of Okawaru.
             Slain by a black bear (3 damage)
             ... on level 4 of the Dungeon on Apr 19, 2022.
             The game lasted 00:43:24 (4275 turns).

powzer the Grappler (Troll Monk)                    Turns: 4275, Time: 00:43:24

Health: 0/74       AC:  4    Str: 20    XL:     8   Next: 11%
Magic:  5/7        EV: 13    Int:  6    God:    Okawaru [***...]
Gold:   242        SH:  0    Dex: 14    Spells: 7/7 levels left

rFire   . . .      SeeInvis .     - Unarmed
rCold   . . .      Faith    .   (no shield)
rNeg    + . .      Spirit   .   a - +0 robe
rPois   .          Reflect  .   (helmet restricted)
rElec   .          Harm     .   (no cloak)
rCorr   .          Rampage  .   (gloves unavailable)
Will    +....                   (boots unavailable)
Stlth   +++.......              (no amulet)
HPRegen 1.02/turn               l - ring of willpower
MPRegen 0.10/turn               m - ring of positive energy

@: about to teleport, heroic
A: large, unfitting armour, claws 3, regeneration 1, shaggy fur 1, tough skin 1
a: Renounce Religion, Heroism


You were on level 4 of the Dungeon.
You worshipped Okawaru.
Okawaru was most pleased with you.
You visited 1 branch of the dungeon, and saw 6 of its levels.
You also visited: Ossuary.

You collected 242 gold pieces.

Inventory:

Missiles
 d - 157 stones (quivered)
 k - 7 poisoned darts
 q - a boomerang
Armour
 a - a +0 robe (worn)
Jewellery
 l - a ring of willpower (left claw)
 m - a ring of positive energy (right claw)
 r - a ring of flight
 s - a ring of ice
Wands
 g - a wand of flame (22)
Scrolls
 b - 2 scrolls of magic mapping
 c - a scroll of identify
 e - a scroll of enchant weapon {unknown}
 f - 2 scrolls of enchant armour {unknown}
 i - a scroll of torment {unknown}
 j - 2 scrolls of holy word {unknown}
 n - a scroll of fear {unknown}
 o - 3 scrolls of teleportation
 v - 2 scrolls of immolation {unknown}
Potions
 h - a potion of invisibility
 p - a potion of brilliance
 t - a potion of curing
 u - a potion of flight {unknown}
 w - a potion of lignification {unknown}
 x - a potion of might {unknown}
 z - 2 potions of heal wounds {unknown}


   Skills:
 + Level 2.9(7.9) Fighting
 + Level 1.4(6.4) Throwing
 + Level 3.6(8.6) Dodging
 - Level 1.0(6.0) Stealth
 * Level 9.1(14.1) Unarmed Combat
 + Level 0.1 Invocations


You had 7 spell levels left.
You didn't know any spells.
Your spell library was empty.

Dungeon Overview and Level Annotations

Branches:
Dungeon (6/15)            Ossuary (visited)
 Temple: D:4-7

Altars:
Elyvilon
Kikubaaqudgha
Makhleb
Okawaru
Uskayaw
Vehumet


Innate Abilities, Weirdness & Mutations

You are too large for most types of armour.
You have claws for hands.
Your natural rate of healing is unusually fast.
You are covered in fur. (AC +1)
You have tough skin. (AC +1)


Message History

The black bear is almost dead.
The black bear bites you. The black bear completely misses you.
The black bear claws you but does no damage.
The gnoll hits you from afar with a +0 spear.
The jackal bites you but does no damage.
The ice beast hits you. The ice beast freezes you.
The black bear barely misses you. The black bear claws you. x2
The jackal barely misses you.
The gnoll hits you from afar with a +0 spear!
The black bear bites you. The black bear claws you.
The black bear barely misses you.
The ice beast hits you but does no damage.
The jackal bites you.
You climb upwards.
There is a stone staircase leading down here.
You gain the combat prowess of a mighty hero.
The black bear barely misses you. x2; The black bear claws you.
The jackal misses you. The ice beast hits you.
* * * LOW HITPOINT WARNING * * *
The ice beast freezes you!
* * * LOW HITPOINT WARNING * * *
It was a potion of curing.
You feel better. The black bear bites you.
* * * LOW HITPOINT WARNING * * *
The black bear claws you.
* * * LOW HITPOINT WARNING * * *
The black bear closely misses you. The jackal bites you.
* * * LOW HITPOINT WARNING * * *
The black bear bites you but does no damage.
The black bear misses you. The black bear claws you.
* * * LOW HITPOINT WARNING * * *
The ice beast barely misses you.
As you read the scroll of teleportation, it crumbles to dust.
You feel strangely unstable. The jackal barely misses you.
The black bear barely misses you.
The black bear claws you but does no damage.
The black bear claws you.
* * * LOW HITPOINT WARNING * * *
The jackal barely misses you. The ice beast misses you.
The black bear bites you.
You die...

.†..........#
###.........# #########
#.....##### #....)..#
##.##.## #.......#
##..#..# #....)..#
......## #.......#
......# ###.......#
.....########...Yh..(.#
..............#.@h....#
........#####.........#
.........# #..#.......#
.........# #.##.......#
.........# #.##########
........####.#
.............#
.........#####
.........#


You could see a black bear (berserk), an ice beast and a jackal.

Vanquished Creatures
  An ogre (D:4)
  A phantom (D:4)
  3 elf zombies (Ossuary)
  A scorpion (D:4)
  4 centaur zombies
  2 hounds
  2 human zombies (Ossuary)
  A gnoll shaman (D:4)
  2 iguanas (D:4)
  Jessica (D:2)
  An orc wizard (D:6)
  A hound zombie (Ossuary)
  4 mummies
  7 gnolls
  2 adders (D:2)
  A howler monkey skeleton (D:4)
  3 white imps (D:6)
  An ufetubus (D:6)
  4 adder zombies (Ossuary)
  2 worms (D:2)
  3 dart slugs
  7 orcs
  2 ball pythons
  4 endoplasms
  2 giant cockroaches
  2 gnoll zombies (Ossuary)
  10 goblins
  7 hobgoblins
  3 jackals
  7 quokkas
  5 bats
  2 frilled lizards (D:1)
  A goblin zombie (Ossuary)
  3 hobgoblin zombies (Ossuary)
  3 jackal zombies (Ossuary)
  10 kobolds
  4 kobold zombies (Ossuary)
  An orc zombie (Ossuary)
  A quokka zombie (Ossuary)
  7 rats
  5 rat zombies (Ossuary)
133 creatures vanquished.

Notes
Turn   | Place    | Note
-------+----------+-------------------------------------------
     0 | D:1      | powzer the Troll Monk began the quest for the Orb.
     0 | D:1      | Reached XP level 1. HP: 22/22 MP: 0/0
   474 | D:1      | Reached XP level 2. HP: 29/29 MP: 1/1
   964 | D:1      | Found a faded altar of an unknown god.
  1116 | D:2      | Reached XP level 3. HP: 36/36 MP: 2/2
  1188 | D:2      | Noticed Jessica
  1192 | D:2      | Killed Jessica
  1193 | D:2      | Reached skill level 4 in Unarmed Combat
  1297 | D:2      | Reached XP level 4. HP: 42/44 MP: 3/3
  1835 | D:3      | Found an iron altar of Okawaru.
  1863 | D:3      | Became a worshipper of Warmaster Okawaru
  1863 | D:3      | Reached * piety under Okawaru
  1863 | D:3      | Reached ** piety under Okawaru
  2191 | D:3      | Reached skill level 5 in Unarmed Combat
  2420 | D:3      | Found an ancient bone altar of Kikubaaqudgha.
  2422 | D:3      | Found a burning altar of Makhleb.
  2424 | D:3      | Found a radiant altar of Vehumet.
  2426 | D:3      | Found a white marble altar of Elyvilon.
  2426 | D:3      | Found a hide-covered altar of Uskayaw.
  2592 | D:3      | You fall into a shaft and drop 3 floors!
  2759 | D:6      | Reached XP level 5. HP: 46/50 MP: 4/4
  2997 | D:5      | Entered Level 5 of the Dungeon
  2999 | D:5      | Noticed a phantom
  3003 | D:5      | Noticed a black bear
  3005 | D:5      | Reached skill level 6 in Unarmed Combat
  3007 | D:5      | Reached XP level 6. HP: 20/56 MP: 2/5
  3013 | D:5      | Noticed an ice beast
  3182 | D:4      | Reached skill level 7 in Unarmed Combat
  3369 | D:4      | Reached XP level 7. HP: 36/66 MP: 6/6
  3537 | D:4      | Reached skill level 1 in Throwing
  3715 | D:4      | Found a sand-covered staircase.
  3725 | Ossuary  | Entered an ossuary
  3897 | Ossuary  | Reached skill level 8 in Unarmed Combat
  4055 | Ossuary  | Reached *** piety under Okawaru
  4073 | Ossuary  | Reached XP level 8. HP: 74/74 MP: 7/7
  4121 | Ossuary  | Reached skill level 9 in Unarmed Combat
  4274 | D:4      | HP: 2/74 [black bear (5)]
  4275 | D:4      | Slain by a black bear

Illustrated notes

Levels and vault maps discovered:
D:1:      minmay_arrival_checkered_box, layout_basic,
          dreamdust_ecumenical_altar_angels_and_demons, hex_large
D:2:      layout_basic, hangedman_abyss_or_decor_lesser_grid, uniq_jessica
D:3:      layout_basic, grunt_temple_overflow_open, okawaru_gym_becter,
          hex_intersection
D:4:      layout_rooms, gup_ossuary_entry_pyramid
D:5:      layout_loops_cross, minmay_temple_entry_butterflies, uniq_duvessa,
          uniq_edmund
D:6:      layout_loops_ring

Skill      XL: |  1  2  3  4  5  6  7  8 |
---------------+-------------------------+-----
Unarmed Combat | 4 5 6 7 8 9 |  9.1
Dodging        | 3 |  3.6
Throwing       | 1 |  1.4
Fighting       | |  2.9
Stealth        | |  1.0
Invocations    | |  0.1

Action                   |  1- 3 |  4- 6 |  7- 9 || total
-------------------------+-------+-------+-------++-------
Melee: Unarmed           |    69 |    96 |   171 ||   336
       Punch             |       |     3 |     8 ||    11
Throw: Stone             |       |    11 |    36 ||    47
Invok: Heroism           |       |     2 |     1 ||     3
  Use: Scroll            |       |     1 |     2 ||     3
       Potion            |       |     1 |     1 ||     2
 Stab: Sleeping          |     1 |     2 |     2 ||     5
       Invisible         |       |     2 |       ||     2
Armor: Robe              |    23 |    26 |    57 ||   106
Dodge: Dodged            |    34 |    35 |    95 ||   164
